 Dungeon Crawl Stone Soup version 0.32-a0-131-g9dbbe29261 (webtiles) character file.

Game seed: 11177784770477478680

30819 Dirtsage the Mimic (level 13, -10/92 HPs)
             Began as an Octopode Shapeshifter on Feb 8, 2024.
             Was an Elder of the Shining One.
             Shot with a bolt by a yaktaur (26 damage)
             ... in a volcano.
             The game lasted 00:38:42 (15378 turns).

Dirtsage the Mimic (Octopode Shapeshifter)         Turns: 15378, Time: 00:38:42

Health: -10/92     AC:  5    Str: 15    XL:     13   Next: 54%
Magic:  15/18      EV: 23    Int: 12    God:    the Shining One [****..]
Gold:   713        SH:  9    Dex: 15    Spells: 12/12 levels left

rFire   + .          .
                       - Unarmed
rCold   x . .        (no shield)
rNeg    + + .        (helmet restricted)
rPois   .            M - amulet of faith
rElec   .            F - ring of flight
rCorr   .            W - ring of wizardry
SInv    +            S - ring of see invisible
Will    .....        y - +4 ring of protection
Stlth   +            J - +5 ring of evasion
HPRegen 0.35/turn    r - ring of fire
MPRegen 0.16/turn    (no ring)
                     (no ring)

%: faith, wizardry (x1)
@: divinely shielded, maw-form, flying, glowing
A: devouring maw, almost no armour, amphibious, 8 rings, camouflage 1,
gelatinous body 1, (nimble swimmer 1), tentacles
a: Begin Untransformation, Renounce Religion, Divine Shield, Cleansing Flame


You were in a volcano.
You worshipped the Shining One.
The Shining One was greatly pleased with you.
You were a creature with a mouth for a stomach.
You visited 3 branches of the dungeon, and saw 17 of its levels.
You also visited: Ossuary and Volcano.

You collected 865 gold pieces.
You spent 152 gold pieces at shops.

Inventory:

Missiles
 w - 6 curare-tipped darts (quivered)
Jewellery
 r - a ring of fire (on tentacle)
 y - a +4 ring of protection (on tentacle)
 F - a ring of flight (left tentacle)
 J - a +5 ring of evasion (on tentacle)
 M - an amulet of faith (around mantle)
 S - a ring of see invisible (on tentacle)
 W - a ring of wizardry (right tentacle)
Talismans
 b - a beast talisman
 s - a maw talisman (active)
 v - a flux talisman
 N - a beast talisman
Wands
 a - a wand of roots (5)
 e - a wand of mindburst (4)
 g - a wand of acid (16)
 G - a wand of charming (16)
 L - a wand of polymorph (19)
Scrolls
 c - 2 scrolls of vulnerability {unknown}
 d - 3 scrolls of noise
 i - 3 scrolls of identify
 j - 3 scrolls of immolation
 k - 2 scrolls of butterflies
 m - 2 scrolls of poison
 t - 6 scrolls of teleportation
 u - a scroll of enchant weapon {unknown}
 x - 3 scrolls of amnesia
 B - 3 scrolls of blinking
 D - 3 scrolls of enchant armour
 K - a scroll of fog
 P - a scroll of brand weapon {unknown}
Potions
 f - 4 potions of enlightenment
 h - 5 potions of haste
 l - a potion of heal wounds
 n - 2 potions of resistance
 o - 2 potions of attraction
 p - a potion of magic
 q - 8 potions of curing
 z - 2 potions of brilliance
 A - 2 potions of mutation
 E - 5 potions of lignification
 H - a potion of invisibility
Miscellaneous
 I - a phantom mirror (inert)
 O - a sack of spiders
 Q - a lightning rod (4/4)


   Skills:
 + Level 9.9 Fighting
 + Level 10.1 Dodging
 + Level 10.2 Unarmed Combat
 + Level 7.7 Invocations
 * Level 13.1 Shapeshifting


You had 12 spell levels left.
You didn't know any spells.
Your spell library contained the following spells:

 Spells                   Type           Power      Damage    Failure   Level
 Ensorcelled Hibernation  Hex/Ice        0%         N/A       21%         2
 Lesser Beckoning         Tloc           0%         N/A       21%         2
 Mercury Vapours          Alch/Air       0%         N/A       21%         2
 Fugue of the Fallen      Necr           0%         N/A       36%         3
 Gell's Gravitas          Tloc           0%         N/A       36%         3
 Mephitic Cloud           Conj/Alch/Air  0%         N/A       36%         3
 Teleport Other           Tloc           0%         N/A       36%         3
 Volatile Blastmotes      Fire/Tloc      0%         2d10      36%         3
 Anguish                  Hex/Necr       0%         N/A       75%         4
 Fulminant Prism          Conj/Alch      0%         3d5       75%         4
 Ignite Poison            Fire/Alch      0%         N/A       75%         4
 Iskenderun's Mystic Bla  Conj/Tloc      0%         2d3       75%         4
 Sticky Flame             Fire/Alch      0%         2d4       75%         4
 Freezing Cloud           Conj/Ice/Air   0%         6-21      97%         5
 Ignition                 Fire           0%         3d3       100%        8


Dungeon Overview and Level Annotations

Branches:
Dungeon (12/15)            Temple (1/1) D:7            Lair (4/5) D:9
 Shoals (0/4) Lair:2       Spider (0/4) Lair:2        Slime (0/5) Lair:4
    Orc (0/2) D:9         Ossuary (visited)         Volcano (1/1)

Altars:
Ashenzari
Cheibriados
Dithmenos
Elyvilon
Fedhas
Gozag
Hepliaklqana
Kikubaaqudgha
Makhleb
Nemelex Xobeh
Okawaru
Qazlal
Ru
Sif Muna
Trog
Uskayaw
Vehumet
Wu Jian
Xom
Yredelemnul
Zin
The Shining One

Shops:
D:1 (   D:3 [*(!   D:6 [   D:7 ?

Annotations:
D:4 2 transporters


Innate Abilities, Weirdness & Mutations

You are a creature with a mouth for a stomach.
Your midsection houses a second, enormous mouth.
You cannot wear most types of armour.
You are amphibious.
You can wear up to eight rings at the same time.
Your skin changes colour to match your surroundings (Stealth+).
Your rubbery body absorbs attacks. (AC +1, EV +1)
((You are camouflaged when in or above water. (Stealth+)))
You have tentacles for arms and can constrict up to eight enemies at once.


Message History

* * * LOW HITPOINT WARNING * * *
The arrow burns you.
* * * LOW HITPOINT WARNING * * *
A bolt appears from out of your range of vision.
The bolt hits your centaur warrior!! The bolt burns your centaur warrior!
Your centaur warrior hits the centaur warrior.
Your centaur warrior kicks the centaur warrior but does no damage.
You regained 19 hp, and now have 23/92 hp.
Okay, then.
Aiming: Corrosive Bolt
Press: ? - help, Shift-Dir - straight line, f/p - centaur warrior
Aim: a centaur warrior, wielding a +0 shortbow of flaming (moderately wounded, ally target, 79% to hit)
The bolt of acid hits the centaur warrior!
The acid corrodes the centaur warrior!
The centaur warrior is heavily wounded.
The centaur warrior shoots an arrow.
The arrow hits you!
* * * LOW HITPOINT WARNING * * *
The arrow burns you.
* * * LOW HITPOINT WARNING * * *
Your centaur warrior hits the centaur warrior!
Your centaur warrior kicks the centaur warrior.
A bolt appears from out of your range of vision.
The bolt closely misses your centaur warrior.
The centaur warrior shoots an arrow.
The arrow closely misses you.
Your centaur warrior hits the centaur warrior!
Your centaur warrior kicks the centaur warrior.
You take 9 damage, and have 14/92 hp.
Sorry, you can't auto-travel out of here.
Aiming: Corrosive Bolt
Press: ? - help, Shift-Dir - straight line, f/p - centaur warrior
Aim: a centaur warrior, wielding a +0 shortbow of flaming (almost dead, covered in acid, ally target, 79% to hit)
The bolt of acid hits the centaur warrior!
You kill the centaur warrior!
A bolt appears from out of your range of vision.
The bolt barely misses your centaur warrior.
Your centaur warrior shimmers and vanishes!
A divine shield forms around you!
The yaktaur shouts!
The yaktaur shoots a bolt.
The bolt hits you!!
You die...

##§§§≈###§....###≈≈○≈##
##§≈§≈≈§§...)≈≈≈≈≈###
#≈§≈§≈§ß.).ß≈§≈≈##
##≈≈≈≈§.c...≈≈###
###§≈§.)...≈≈#
#≈≈≈ß.#)ß≈##
####.....## #.)...#
#ß..Wß# #.....# #.....#
#ß...ß# #.....# #.....#
#ß...ß# #.....# #.....#


You could see a yaktaur.

Vanquished Creatures
  Snorg (Lair:4)
  2 catoblepae
  A centaur warrior (Volcano)
  4 two-headed ogres
  An orb spider (Lair:2)
  A manticore (D:11)
  A merfolk siren (Lair:2)
  3 black mambas
  13 elephants
  7 cane toads
  An unseen horror (D:10)
  A rime drake (Lair:4)
  A yaktaur (Volcano)
  5 komodo dragons
  A troll (D:10)
  Prince Ribbit (D:5)
  2 polar bears (Lair:1)
  A hornet (Lair:2)
  12 blink frogs
  A vampire (D:10)
  A shadow (D:8)
  2 fire bats (Lair:3)
  A basilisk (Lair:3)
  A wraith (D:11)
  3 wyverns
  26 yaks
  Duvessa (D:5)
  7 water moccasins
  2 acid dragons
  2 sky beasts
  3 orc warriors
  An ice beast (D:7)
  4 ogres
  10 wolves (Lair:2)
  A boggart (D:11)
  A phantom (D:6)
  4 centaurs (Volcano)
  A kobold brigand (D:9)
  A weeping skull (Ossuary)
  A gnoll sergeant (D:8)
  12 bullfrogs
  3 scorpions
  5 water moccasin zombies (Ossuary)
  Dowan (D:5)
  9 wights (D:6)
  18 killer bees
  2 electric eels (Lair:3)
  5 howler monkeys
  2 bombardier beetles (D:5)
  5 jellies
  A hound (D:4)
  6 orc priests
  A gnoll bouda (D:8)
  3 sleepcaps
  A spectral scorpion (Ossuary)
  Terence (D:2)
  2 iguanas (D:5)
  3 orc wizards
  A hell rat (Lair:2)
  Natasha (thrice) (D:2)
  2 crocodile zombies (Ossuary)
  3 mummies
  9 gnolls
  4 river rats (Lair:2)
  9 adders
  5 adder zombies (Ossuary)
  2 dart slugs (D:4)
  2 ribbon worms
  24 orcs
  5 ball pythons
  5 bats
  5 endoplasms
  2 giant cockroaches
  5 gnoll zombies (Ossuary)
  4 goblins
  9 hobgoblins
  3 jackals (D:1)
  12 kobolds
  A quokka (D:4)
  6 frilled lizards
  A goblin zombie (D:7)
  5 jackal zombies (Ossuary)
  7 orc zombies
  14 rats
361 creatures vanquished.

Notes
Turn   | Place    | Note
-------+----------+-------------------------------------------
     0 | D:1      | Dirtsage the Octopode Shapeshifter began the quest for the
                  | Orb.
     0 | D:1      | Reached XP level 1. HP: 13/13 MP: 1/1
    55 | D:1      | Reached XP level 2. HP: 8/18 MP: 2/2
   117 | D:1      | Found Ututif's Antique Weapon Emporium.
   618 | D:2      | Reached XP level 3. HP: 16/23 MP: 3/3
   665 | D:2      | Noticed Natasha
   716 | D:2      | Killed Natasha
   766 | D:2      | Reached XP level 4. HP: 12/29 MP: 4/4
   967 | D:2      | Noticed Natasha
   974 | D:2      | Killed Natasha
   975 | D:2      | Reached skill level 4 in Shapeshifting
  1009 | D:2      | Noticed Natasha
  1014 | D:2      | Killed Natasha
  1015 | D:2      | Reached XP level 5. HP: 30/34 MP: 5/5
  1101 | D:2      | Noticed Terence
  1110 | D:2      | Killed Terence
  1648 | D:3      | Reached XP level 6. HP: 8/41 MP: 6/6
  1822 | D:3      | Found a blossoming altar of Fedhas.
  1827 | D:3      | Found Vevoubb's General Store.
  1835 | D:3      | Bought 2 potions of curing for 60 gold pieces
  1974 | D:3      | Found Quchelax's Armour Boutique.
  2066 | D:3      | Found a white marble altar of Elyvilon.
  2067 | D:3      | Identified the +8 spear of Fortitude {flame, Int+3}
  2076 | D:3      | Found a sparkling altar of Nemelex Xobeh.
  2078 | D:3      | Became a worshipper of Elyvilon the Healer
  2096 | D:3      | Found Xonloc's Distillery.
  2105 | D:3      | Bought a potion of lignification for 30 gold pieces
  2105 | D:3      | Bought a potion of attraction for 30 gold pieces
  2119 | D:3      | Found Pudghez Piwn's Antique Weapon Shop.
  2389 | D:4      | Reached * piety under Elyvilon
  2487 | D:4      | Found a transporter.
  2502 | D:4      | Found a transporter.
  2595 | D:4      | Noticed a sky beast
  2601 | D:4      | Killed a sky beast
  2602 | D:4      | Reached skill level 5 in Shapeshifting
  2602 | D:4      | Reached XP level 7. HP: 37/46 MP: 7/7
  2854 | D:5      | Entered Level 5 of the Dungeon
  3142 | D:5      | Noticed Prince Ribbit
  3148 | D:5      | Killed Prince Ribbit
  3149 | D:5      | Reached skill level 5 in Unarmed Combat
  3149 | D:5      | Reached skill level 6 in Shapeshifting
  3149 | D:5      | Reached XP level 8. HP: 31/54 MP: 8/8
  3432 | D:5      | Reached ** piety under Elyvilon
  3675 | D:5      | Noticed Duvessa
  3679 | D:5      | Noticed Dowan
  3693 | D:5      | Killed Duvessa
  3864 | D:6      | Reached skill level 5 in Dodging
  3997 | D:6      | Found Sicajog's Antique Armour Shop.
  4048 | D:5      | Killed Dowan
  4280 | D:5      | Identified the +2 whip of the Final Decision {protect,
                  | Dex+6}
  4687 | D:6      | Reached skill level 7 in Shapeshifting
  4690 | D:6      | Reached XP level 9. HP: 33/60 MP: 9/9
  4819 | D:6      | Reached skill level 5 in Fighting
  4969 | D:6      | Found an ornate altar of the Wu Jian Council.
  5347 | D:6      | Found a bloodstained altar of Trog.
  5690 | D:7      | Reached *** piety under Elyvilon
  5722 | D:7      | Found Moshis's Magic Scroll Emporium.
  5844 | D:7      | Found a sand-covered staircase.
  5850 | Ossuary  | Entered an ossuary
  6086 | Ossuary  | Reached skill level 8 in Shapeshifting
  6235 | D:7      | Bought a scroll of identify for 32 gold pieces
  6466 | D:7      | Reached XP level 10. HP: 54/68 MP: 10/10
  6744 | D:7      | Found a staircase to the Ecumenical Temple.
  6753 | Temple   | Entered the Ecumenical Temple
  6772 | Temple   | Fell from the grace of Elyvilon
  6772 | Temple   | Became a worshipper of the Shining One
  6772 | Temple   | Reached * piety under the Shining One
  7196 | D:8      | Reached skill level 9 in Shapeshifting
  7217 | D:8      | Reached ** piety under the Shining One
  7233 | D:8      | HP: 2/69 [gnoll/+0 whip[a gnoll bouda] (8)]
  7384 | D:8      | Found a glowing silver altar of Zin.
  7574 | D:8      | Reached skill level 1 in Invocations
  7735 | D:8      | Found a hazy altar of Hepliaklqana.
  8020 | D:8      | Found a radiant altar of Vehumet.
  8021 | D:8      | Found a shadowy altar of Dithmenos.
  8149 | D:9      | Found a staircase to the Lair.
  8363 | D:9      | Found a staircase to the Orcish Mines.
  8611 | D:10     | Entered Level 10 of the Dungeon
  9295 | D:10     | Noticed an unseen horror
  9301 | D:10     | Killed an unseen horror
  9302 | D:10     | Reached XP level 11. HP: 75/75 MP: 13/13
  9314 | D:10     | Noticed a two-headed ogre
  9331 | D:10     | Killed a two-headed ogre
  9332 | D:10     | Reached skill level 10 in Shapeshifting
 10181 | D:11     | Noticed a manticore
 10190 | D:11     | Killed a manticore
 10534 | D:11     | Noticed a two-headed ogre
 10534 | D:11     | Noticed a two-headed ogre
 10554 | D:11     | Killed a two-headed ogre
 10555 | D:11     | Killed a two-headed ogre
 10896 | D:11     | Noticed a two-headed ogre
 10910 | D:11     | Killed a two-headed ogre
 11576 | Lair:1   | Entered Level 1 of the Lair of Beasts
 11589 | Lair:1   | Reached *** piety under the Shining One
 11713 | Lair:1   | Noticed a catoblepas
 11726 | Lair:1   | Killed a catoblepas
 11727 | Lair:1   | Reached skill level 5 in Invocations
 11727 | Lair:1   | Reached skill level 11 in Shapeshifting
 12067 | Lair:1   | Reached XP level 12. HP: 69/83 MP: 15/15
 12855 | Lair:2   | Found a staircase to the Shoals.
 12939 | Lair:2   | Found a hole to the Spider Nest.
 13266 | Lair:2   | Reached skill level 12 in Shapeshifting
 14174 | Lair:3   | Reached XP level 13. HP: 90/90 MP: 18/18
 14717 | Lair:4   | Found a staircase to the Slime Pits.
 14802 | Lair:4   | Noticed Snorg
 14802 | Lair:4   | Reached **** piety under the Shining One
 14830 | Lair:4   | Killed Snorg
 14831 | Lair:4   | Reached skill level 10 in Unarmed Combat
 14949 | Lair:4   | Reached skill level 10 in Dodging
 15074 | Lair:4   | Found a dark tunnel.
 15120 | Lair:4   | Reached skill level 13 in Shapeshifting
 15150 | Volcano  | Entered a volcano
 15220 | Volcano  | Found a radiant altar of Vehumet.
 15370 | Volcano  | HP: 4/92 [centaur warrior/arrow (4)]
 15378 | Volcano  | Shot with a bolt by a yaktaur

Illustrated notes

Levels and vault maps discovered:
D:1:      dpeg_arrival_tiny_a, layout_loops_ring, serial_shops,
          nicolae_shop_trees
D:2:      layout_loops_ring, uniq_terence, uniq_natasha
D:3:      layout_basic, mainiacjoe_overflow_catwalk_spiral, fedhas_altar_1,
          serial_shops, shop, shop, nicolae_lakefront_shop, shop,
          kennysheep_cross_bottleneck, grunt_ministairs_9
D:4:      gammafunk_wand_slinger, layout_cave_pools,
          nicolae_concentric_dashed_squares_mild
D:5:      layout_loops_corners, uniq_duvessa, uniq_prince_ribbit1
D:6:      layout_basic, mainiacjoe_overflow_tiny_flanked,
          mainiacjoe_overflow_paths, serial_shops, nicolae_shop_statue_plus
D:7:      layout_cave_pools, temple_hall, serial_shops, shop,
          nicolae_ossuary_entry_giza, columned_hall_lemuel
D:8:      layout_rooms, mainiacjoe_overflow_24_doors,
          nicolae_overflow_hidden_temple
D:9:      layout_roguey, lair_entry_dummy, david_orc_3
D:10:     layout_layer_cave
D:11:     layout_basic, nicolae_phantomly_mirrored
D:12:     layout_basic, uniq_kirke, uniq_fannar, uniq_nessos, uniq_lodul
Temple:   nicolae_temple_god_jail
Lair:1:   layout_big_grid, infiniplex_staircase_pool
Lair:2:   layout_loops_ring, minmay_shoals_entry_lonely_mermaid,
          nicolae_spider_entry_orb_guardian, kennysheep_abandoned_house
Lair:3:   layout_gridlike, chequers_serial_rivers_micro_e
Lair:4:   layout_hall_layers, nicolae_slime_entry_field_trip,
          nicolae_volcano_entry_two_sided, hangedman_lair_unloving_vines,
          uniq_snorg
Volcano:  kennysheep_volcano_temple

Skill      XL: |  1  2  3  4  5  6  7  8  9 10 11 12 13 |
---------------+----------------------------------------+-----
Fighting       | 2 3 4 6 7 8 9 |  9.9
Shapeshifting  | 4 5 6 7 8 9 11 12 13 | 13.1
Dodging        | 3 4 5 6 7 8 9 10 | 10.1
Unarmed Combat | 4 5 6 7 8 9 10 | 10.2
Invocations    | 3 5 6 7 |  7.7

Action                     |  1- 3 |  4- 6 |  7- 9 | 10-12 | 13-15 || total
---------------------------+-------+-------+-------+-------+-------++-------
  Melee: Unarmed           |    50 |    71 |   215 |   540 |   126 ||  1002
         Constrict         |     9 |    22 |    54 |    92 |    15 ||   192
         Tentacles         |     8 |    18 |    61 |   167 |    35 ||   289
         Punch             |       |     6 |    16 |    32 |    24 ||    78
         Spear             |       |    25 |    60 |       |       ||    85
         Maw               |       |       |       |   130 |    62 ||   192
  Throw: Dart              |       |     1 |     8 |     2 |     1 ||    12
 Invoke: Divine Shield     |       |       |       |       |     2 ||     2
  Evoke: Wand              |       |       |       |    10 |     3 ||    13
         Phantom mirror    |       |       |       |       |     1 ||     1
    Use: Potion            |       |     2 |     1 |     2 |     2 ||     7
         Scroll            |       |       |    12 |     8 |     1 ||    21
   Stab: Sleeping          |     2 |    11 |     7 |       |       ||    20
         Distracted        |       |       |     1 |       |       ||     1
 Armour: Skin              |    14 |    26 |    86 |   188 |    72 ||   386
  Dodge: Dodged            |    33 |    39 |   167 |   427 |   100 ||   766
  Block: Other             |       |       |       |       |    11 ||    11
   Form: Flux              |       |       |     1 |       |       ||     1
         Maw               |       |       |       |     1 |       ||     1

Table legend: (Time is in decaauts)
 A = Elapsed time spent in this place.
 B = Non-inter-level travel time spent in this place.
 C = Inter-level travel time spent in this place.
 D = Time resting spent in this place.
 E = Time spent auto-exploring this place.
 F = Levels seen in this place.
 G = Mean time per level.
                   A        B        C        D        E       F      G
               +--------+--------+--------+--------+--------+-----+--------+
         Total |  15263 |  14655 |    608 |    593 |  10957 |  19 |  803.3 |
       Dungeon |  11164 |  10637 |    527 |    494 |   8353 |  12 |  930.3 |
        Temple |     32 |     20 |     12 |      0 |      0 |   1 |   32.0 |
          Lair |   3511 |   3442 |     69 |      0 |   2380 |   4 |  877.8 |
       Ossuary |    328 |    328 |      0 |      0 |    199 |   1 |  328.0 |
       Volcano |    225 |    225 |      0 |     99 |     25 |   1 |  225.0 |
               +--------+--------+--------+--------+--------+-----+--------+

Top non-repeatable levels by time:
    D:10: 1750 daAuts
     D:6: 1384 daAuts
     D:5: 1362 daAuts
    D:11: 1167 daAuts
  Lair:2: 1131 daAuts
     D:7: 1075 daAuts
  Lair:1: 1066 daAuts
     D:8: 977 daAuts
     D:2: 912 daAuts
  Lair:3: 856 daAuts
     D:3: 763 daAuts
     D:1: 633 daAuts
     D:4: 623 daAuts
     D:9: 512 daAuts
  Lair:4: 458 daAuts
